 Dungeon Crawl Stone Soup version 0.20-a0-927-g1ae2c61 (webtiles) character file.

918 dvd the Sneak (level 8, -3/37 HPs)
             Began as a Vine Stalker Enchanter on Mar 29, 2017.
             Was an Initiate of Ru.
             Slain by a gnoll (4 damage)
             ... on level 5 of the Dungeon.
             The game lasted 00:15:24 (4905 turns).

dvd the Sneak (Vine Stalker Enchanter)              Turns: 4905, Time: 00:15:25

Health: -3/37      AC:  6    Str: 11    XL:     8   Next: 9%
Magic:  0/15       EV: 15    Int: 17    God:    Ru [......]
Gold:   133        SH:  0    Dex: 15    Spells: 7/16 levels left

rFire    . . .     SeeInvis .   a - +1 dagger
rCold    . . .     Gourm    .   (no shield)
rNeg     . . .     Faith    .   A - -1 robe (curse)
rPois    .         Spirit   +   x - +2 helmet
rElec    .         Reflect  .   f - +1 cloak
rCorr    +         Harm     .   (no gloves)
MR       +....                  (no boots)
Stlth    ++++......             (no amulet)
Regen    0.6/turn               o - +2 ring of evasion
MPRegen  0.2/turn               u - ring of resist corrosion

@: about to teleport, very slightly contaminated
A: fangs 3, regeneration 1, magic shield, antimagic bite, no potion heal 3, rot
immunity
a: Renounce Religion


You were on level 5 of the Dungeon.
You worshipped Ru.
Ru was noncommittal.
You were hungry.

You visited 1 branch of the dungeon, and saw 5 of its levels.

You collected 133 gold pieces.

Inventory:

Hand Weapons
 a - a +1 dagger (weapon)
 B - a +2 flail of venom
Armour
 b - a +0 robe
 f - a +1 cloak (worn)
 s - a +0 ring mail
 x - a +2 helmet (worn)
 A - a cursed -1 robe (worn)
Jewellery
 o - a +2 ring of evasion (left hand)
 u - a ring of resist corrosion (right hand)
Wands
 y - a wand of flame (25/48)
 z - a wand of confusion (20/48)
Scrolls
 e - 2 scrolls of recharging
 h - a scroll of remove curse
 j - a scroll of noise {unknown}
 n - 2 scrolls of teleportation
 p - 2 scrolls of identify {unknown}
 r - a scroll of fog {unknown}
 v - a scroll of amnesia {unknown}
 C - a scroll of magic mapping {unknown}
Potions
 l - a potion of lignification {unknown}
 m - a potion of brilliance {unknown}
 q - 2 potions of mutation {unknown}
 t - 4 potions of curing {unknown}
 w - 2 potions of flight {unknown}
Books
 c - a book of Maledictions

   Spells                             Type                      Level
   a - Corona                         Hexes                        1
   b - Ensorcelled Hibernation        Hexes/Ice                    2
   c - Confuse                        Hexes                        3
   d - Tukima's Dance                 Hexes                        3
   e - Dazzling Spray                 Conjuration/Hexes            3
Comestibles
 d - 5 bread rations
 g - 3 royal jellies
 i - 2 meat rations
 k - 3 fruits
 D - 4 chunks of flesh


   Skills:
 + Level 1.4 Fighting
 + Level 2.1 Short Blades
 + Level 2.3 Dodging
 + Level 7.6 Stealth
 + Level 4.5 Spellcasting
 + Level 4.8 Hexes
 + Level 2.6 Ice Magic


You had 7 spell levels left.
You knew the following spells:

 Your Spells              Type           Power        Failure   Level  Hunger
a - Corona                Hex            ###....      2%          1    None
b - Ensorcelled Hibernat  Hex/Ice        ###...       6%          2    ##.....
c - Confuse               Hex            ###.....     10%         3    ###....
d - Dazzling Spray        Conj/Hex       ##....       17%         3    ###....


Dungeon Overview and Level Annotations

Branches:
Dungeon (5/15)
 Temple: D:4-7

Altars:
Ru


Innate Abilities, Weirdness & Mutations

You have razor-sharp teeth.
Your natural rate of healing is unusually fast.
When hurt, damage is shared between your health and your magic reserves.
Your bite disrupts and absorbs the magic of your enemies.
Potions cannot restore your health.
You are immune to rotting.


Message History

The gnoll is severely wounded.
The orc closely misses you. The gnoll hits you but does no damage.
The howler monkey skeleton misses you. The gnoll hits you with a whip.
The orc hits you with a flail.
* * * LOW HITPOINT WARNING * * *
Unknown command.
You hit the gnoll. Your bite misses the gnoll.
The gnoll is severely wounded.
The gnoll hits you.
* * * LOW HITPOINT WARNING * * *
The orc misses you. The gnoll misses you. x2
The howler monkey skeleton hits you.
* * * LOW HITPOINT WARNING * * *
You hit the gnoll but do no damage. You bite the gnoll. You drain its power.
You feel invigorated.
The gnoll is severely wounded.
The orc hits you with a flail.
* * * LOW HITPOINT WARNING * * *
The gnoll misses you. The orc hits you with a flail. The gnoll hits you.
You die...

.......#.# ........#.##
........... ....!...#.#
........#.########
.......(.........#
.......o#........######
......goZ..............
...?..o@#......<.#####
......gg#........#
........#.########
.......##.# #.....# #.#
...... ... ###### ..


You could see an orc priest, 3 gnolls, 2 orcs and a howler monkey skeleton.

Vanquished Creatures
  Edmund (D:4)
  Purgy (D:3)
  2 elf zombies (D:4)
  2 elf skeletons (D:4)
  3 hounds (D:4)
  An orc priest (D:3)
  2 orc wizards (D:3)
  A human skeleton (D:4)
  2 worker ants (D:4)
  A hound skeleton (D:4)
  7 adders
  A shadow imp (D:3)
  An ooze (D:1)
  3 worms
  3 dart slugs (D:2)
  3 leopard geckos
  9 orcs
  5 giant cockroaches
  9 goblins
  8 hobgoblins
  16 jackals
  A quokka (D:3)
  2 ball pythons
  7 bats
  7 frilled lizards
  7 kobolds
  An orc skeleton (D:4)
  6 rats
112 creatures vanquished.

Notes
Turn   | Place    | Note
-------+----------+-------------------------------------------
     0 | D:1      | dvd the Vine Stalker Enchanter began the quest for the Orb.
     0 | D:1      | Reached XP level 1. HP: 9/9 MP: 4/4
    83 | D:1      | Reached skill level 4 in Stealth
    89 | D:1      | Reached XP level 2. HP: 12/13 MP: 4/6
   111 | D:1      | Learned a level 2 spell: Ensorcelled Hibernation
   885 | D:1      | Reached XP level 3. HP: 16/16 MP: 7/7
   982 | D:2      | Reached skill level 1 in Short Blades
  1123 | D:2      | Learned a level 3 spell: Confuse
  1350 | D:2      | Gained mutation: Your natural rate of healing is unusually fast. [Vine Stalker growth]
  1350 | D:2      | Reached XP level 4. HP: 21/21 MP: 9/9
  2000 | D:2      | Reached skill level 5 in Stealth
  2084 | D:3      | Noticed Purgy
  2090 | D:3      | Killed Purgy
  2090 | D:3      | Reached skill level 1 in Ice Magic
  2090 | D:3      | Reached XP level 5. HP: 24/24 MP: 7/10
  2227 | D:3      | HP: 1/24 [orc priest/divine providence (11)]
  2356 | D:3      | Reached skill level 6 in Stealth
  2356 | D:3      | Reached XP level 6. HP: 28/28 MP: 11/11
  2797 | D:3      | Learned a level 3 spell: Dazzling Spray
  3613 | D:4      | Reached skill level 1 in Fighting
  3613 | D:4      | Reached XP level 7. HP: 33/33 MP: 13/13
  3628 | D:4      | Found a sacrificial altar of Ru.
  3635 | D:4      | Became a worshipper of Ru the Awakened
  4020 | D:4      | Reached skill level 7 in Stealth
  4600 | D:4      | Noticed Edmund
  4618 | D:4      | Killed Edmund
  4618 | D:4      | Gained mutation: You have razor-sharp teeth. [Vine Stalker growth]
  4618 | D:4      | Reached XP level 8. HP: 34/37 MP: 8/15
  4872 | D:5      | Entered Level 5 of the Dungeon
  4905 | D:5      | HP: 1/37 [orc/flail (3)]
  4905 | D:5      | Slain by a gnoll

Vault maps used:
D:1:      lightli_arrival_flooded_house, st_stairs_13
D:3:      first_bread, uniq_purgy
D:4:      nicolae_ossuary_entry_catacombs, nicolae_ru_the_path_less_chosen,
          uniq_edmund
D:5:      lemuel_castle_with_subvaults, uniq_sigmund

Skill      XL: |  1  2  3  4  5  6  7 |
---------------+----------------------+-----
Stealth        | 4 5 6 7 |  7.6
Short Blades   | 1 2 |  2.1
Spellcasting   | 3 4 |  4.5
Ice Magic      | 1 2 |  2.6
Hexes          | 4 |  4.8
Fighting       | 1 |  1.4
Dodging        | 2 |  2.3

Action                   |  1- 3 |  4- 6 |  7- 9 || total
-------------------------+-------+-------+-------++-------
Melee: Dagger            |    48 |   130 |   121 ||   299
       Bite              |     4 |    21 |    32 ||    57
 Cast: Corona            |     1 |       |     1 ||     2
       Ensorcelled Hiber |    24 |    46 |    18 ||    88
       Confuse           |       |     5 |    11 ||    16
       Dazzling Spray    |       |       |     5 ||     5
  Use: Scroll            |       |     2 |     1 ||     3
 Stab: Sleeping          |    26 |    46 |    10 ||    82
       Confused          |       |     1 |     6 ||     7
  Eat: Chunk             |     3 |    10 |     6 ||    19
Armor: Robe              |    13 |    22 |    36 ||    71
       Ring mail         |       |     4 |       ||     4
Dodge: Dodged            |    27 |    71 |   130 ||   228
